General information
- name: BNet
- type: Ladder 1vs1/FFA
- host: Battle.net
- saver: Ascendant
map: TurtleRock
- players: 2
- length: 33:53
- speed: Fast
- version: 1.23 W3XP
- replay type: Public
» download(152 KB)
Players
team 1 (loser)
PleasuremaN (
blue | 131 APM | 4437 actions | 33:51)
5 Death Knight
3 Death Coil
2 Unholy Aura
4 Lich
2 Frost Nova
1 Frost Armor
1 Dark Ritual
1 Dreadlord
1 Sleep
» actions
| Assign group hotkey | 168 | |
| Basic commands | 293 | |
| Build / train | 87 | |
| ESC pressed | 1 | |
| Enter build submenu | 16 | |
| Enter hero's abilities submenu | 10 | |
| Give item / drop item | 7 | |
| Remove unit from queue | 4 | |
| Right click | 1669 | |
| Select / deselect | 669 | |
| Select group hotkey | 1357 | |
| Use ability | 155 | |
4437 total
» units
| Acolyte | 7 | |
| Ghoul | 13 | |
| Gargoyle | 3 | |
| Obsidian Statue | 6 | |
| Frost Wyrm | 5 | |
34 total
» upgrades
| Ghoul Frenzy | 1 | |
| Destroyer Form | 1 | |
| Creature Carapace | 3 | |
| Creature Attack | 1 | |
6 total
» buildings
| Altar of Darkness | 1 | |
| Crypt | 1 | |
| Ziggurat | 7 | |
| Tomb of Relics | 2 | |
| Nerubian Tower | 5 | |
| Halls of the Dead | 4 | |
| Graveyard | 1 | |
| Black Citadel | 1 | |
| Slaughterhouse | 1 | |
| Sacrificial Pit | 1 | |
| Boneyard | 1 | |
25 total
» build order
00:09 Altar of Darkness
00:11 Crypt
00:26 Ziggurat
01:08 Tomb of Relics
01:26 Ziggurat
02:32 Nerubian Tower
02:59 Halls of the Dead
02:59 Halls of the Dead
02:59 Halls of the Dead
03:09 Nerubian Tower
03:09 Nerubian Tower
03:09 Nerubian Tower
04:17 Graveyard
04:18 Ziggurat
05:38 Black Citadel
06:39 Slaughterhouse
08:16 Tomb of Relics
09:32 Sacrificial Pit
11:49 Boneyard
12:12 Ziggurat
13:01 Ziggurat
15:40 Ziggurat
17:52 Ziggurat
» items
| Rod of Necromancy | 3 | |
| Dust of Appearance | 2 | |
| Orb of Corruption | 1 | |
| Scroll of Town Portal | 4 | |
| Potion of Mana | 1 | |
| Potion of Healing | 1 | |
| Potion of Lesser Invulnerability | 1 | |
| Scroll of Healing | 1 | |
| Scroll of Protection | 1 | |
15 total
team 2 (winner)
Ascendant (
teal | 172 APM | 5838 actions | 33:53)
6 Blademaster
2 Wind Walk
3 Critical Strike
1 Bladestorm
6 Shadow Hunter
2 Hex
3 Healing Wave
1 Big Bad Voodoo
» actions
| Assign group hotkey | 57 | |
| Basic commands | 168 | |
| Build / train | 125 | |
| Enter build submenu | 29 | |
| Enter hero's abilities submenu | 12 | |
| Give item / drop item | 10 | |
| Remove unit from queue | 2 | |
| Right click | 2607 | |
| Select / deselect | 803 | |
| Select group hotkey | 1780 | |
| Use ability | 245 | |
5838 total
» units
| Peon | 26 | |
| Grunt | 4 | |
| Raider | 3 | |
| Spirit Walker | 2 | |
| Troll Headhunter/Berserker | 9 | |
| Kodo Beast | 2 | |
| Troll Batrider | 8 | |
| Troll Witch Doctor | 1 | |
55 total
» upgrades
| Berserker Strength | 1 | |
| Ensnare | 1 | |
| Spirit Walker Training | 2 | |
| Reinforced Defenses | 1 | |
| Berserker Upgrade | 1 | |
| Armor | 3 | |
| War Drums Damage Increase | 1 | |
| Pillage | 1 | |
| Ranged Weapons | 1 | |
12 total
» buildings
| Altar of Storms | 1 | |
| Orc Burrow | 9 | |
| Barracks | 1 | |
| Voodoo Lounge | 1 | |
| Stronghold | 2 | |
| Beastiary | 2 | |
| Spirit Lodge | 1 | |
| Fortress | 2 | |
| War Mill | 2 | |
| Great Hall | 4 | |
| Watch Tower | 7 | |
32 total
» build order
00:06 Altar of Storms
00:14 Orc Burrow
00:34 Barracks
01:28 Orc Burrow
01:49 Voodoo Lounge
03:12 Stronghold
03:12 Stronghold
04:55 Orc Burrow
05:44 Beastiary
05:47 Spirit Lodge
07:32 Fortress
09:13 Orc Burrow
09:14 War Mill
09:30 Beastiary
09:35 Orc Burrow
13:38 Orc Burrow
15:32 Great Hall
20:18 Watch Tower
20:18 Watch Tower
20:19 Watch Tower
20:21 Watch Tower
21:56 Watch Tower
21:57 Watch Tower
21:59 Watch Tower
23:02 Orc Burrow
26:24 War Mill
27:03 Great Hall
27:43 Great Hall
27:50 Great Hall
29:10 Orc Burrow
29:12 Orc Burrow
» items
| Circlet of Nobility | 4 | |
| Boots of Speed | 1 | |
| Healing Salve | 6 | |
| Scroll of Speed | 2 | |
| Lesser Clarity Potion | 2 | |
| Orb of Lightning | 1 | |
| Staff of Teleportation | 1 | |
| Tiny Great Hall | 1 | |
| Potion of Lesser Invulnerability | 1 | |
| Dust of Appearance | 1 | |
| Scroll of Town Portal | 1 | |
| Scroll of Healing | 1 | |
22 total
Chat log
(00:25 / All) Ascendant: man how many losses in a row i gotta get
(00:58 / All) PleasuremaN: might take a break
(01:01 / All) PleasuremaN: eat somethin u know
(01:20 / All) PleasuremaN: just to clear your head
(01:32 / All) Ascendant: only play 2 games today
(01:36 / All) Ascendant: but on like 7 game lose streak
(01:39 / All) Ascendant: and now u
(01:48 / All) PleasuremaN: it's 50/50
(01:50 / All) PleasuremaN: gl hf
(01:51 / All) Ascendant: i cant beat u
(01:59 / All) PleasuremaN: sure you can
(12:27 / All) Ascendant: ./...
(12:37 / All) Ascendant: fucking awesome.
(28:32 / All) PleasuremaN: nice arthas snipe at the shop
(28:34 / All) PleasuremaN: didn't anticipate that
(28:47 / All) Ascendant: =)
(33:49 / All) PleasuremaN: told ya
(33:51 / All) PleasuremaN: gg